 Dungeon Crawl Stone Soup version 0.31-a0-167-g1c394c0614 (webtiles) character file.

Game seed: 1797758294662219530

89475 jasper the Marksspriggan (level 15, -10/72 HPs)
             Began as a Spriggan Hunter on June 14, 2023.
             Was the Champion of Dithmenos.
             Mangled by a skeletal warrior
             ... wielding a +0 long sword
              (29 damage)
             ... on level 15 of the Dungeon.
             The game lasted 00:59:02 (27211 turns).

jasper the Marksspriggan (Spriggan Hunter)         Turns: 27211, Time: 00:59:02

Health: -10/72     AC:  6    Str:  6    XL:     15   Next: 49%
Magic:  16/16      EV: 24    Int: 22    God:    Dithmenos [******]
Gold:   1425       SH:  0    Dex: 18    Spells: 7/14 levels left

rFire   + . .        p - +2 orcbow (freeze)
rCold   + . .        (shield currently unavailable)
rNeg    + . .        a - +0 acid dragon scales
rPois   +            (helmet restricted)
rElec   .            C - +2 cloak {rPois}
rCorr   +            (gloves unavailable)
SInv    +            (boots unavailable)
Will    ++...        o - amulet of regeneration Stlth **++++++++
                     q - ring of positive energy
HPRegen 1.12/turn    j - ring of protection from cold
MPRegen 0.15/turn

%: no passive effects
@: wreathed by umbra, very quick
A: very small, no large weapons, unfitting armour, see invisible, speed 3,
clever 1, deformed body, fire resistance 1, frail 1, sense surroundings 1, no
potion heal 1
a: Renounce Religion, Shadow Step, Shadow Form


You were on level 15 of the Dungeon.
You worshipped Dithmenos.
Dithmenos was exalted by your worship.
You visited 4 branches of the dungeon, and saw 23 of its levels.
You also visited: Bailey and Ice Cave.

You collected 2019 gold pieces.
You spent 594 gold pieces at shops.

Inventory:

Hand Weapons
 p - a +2 orcbow of freezing (weapon)
 s - a +0 arbalest
 Y - a +3 dagger of distortion
Missiles
 J - 8 throwing nets
 M - 3 curare-tipped darts
Armour
 a - +0 acid dragon scales (worn)
 c - a +0 robe
 m - a +0 cloak of poison resistance
 B - the sphere of Battle
   (You found it in a bailey)

   It enhances your destructive magic.
   It weakens your non-destructive magic.
   It summons a battlesphere in combat, with strength depending on Conjurations
   skill.
 C - a +2 cloak of poison resistance (worn)
 G - +0 steam dragon scales
Jewellery
 d - a ring of willpower
 e - a +6 ring of dexterity
 j - a ring of protection from cold (right hand)
 o - an amulet of regeneration (around neck)
 q - a ring of positive energy (left hand)
 r - a ring of ice
 t - an amulet of the acrobat
 v - a ring of magical power
 w - the amulet "Qeseit" {Faith Harm rPois}
   (You found it in a bailey)

   [amulet of faith]

   It allows you to gain divine favour quickly.
   rPois:     It protects you from poison.
   Harm:      It increases damage dealt and taken.
 y - the ring "Ducsang" {Str+8 Int+6 Stlth-}
   (You found it in a bailey)

   [ring of intelligence]

   Str:       It affects your strength (+8).
   Int:       It affects your intelligence (+6).
   Stlth:     It makes you less stealthy.
 I - a ring of magical power
 K - an amulet of guardian spirit
 O - an amulet of faith
 U - a ring of ice
 V - a +6 ring of intelligence
 W - a ring of ice
 X - a ring of ice
Wands
 g - a wand of polymorph (6)
 i - a wand of flame (27)
 n - a wand of iceblast (26)
 E - a wand of charming (14)
 L - a wand of mindburst (1)
Scrolls
 b - a scroll of butterflies
 k - 2 scrolls of poison
 l - 6 scrolls of identify
 u - a scroll of amnesia
 D - 7 scrolls of teleportation
 P - 2 scrolls of revelation
 R - a scroll of fog
 T - 2 scrolls of enchant weapon
Potions
 f - 3 potions of degeneration
 h - 2 potions of ambrosia
 x - 2 potions of magic
 A - 2 potions of might
 F - a potion of berserk rage
 H - 3 potions of haste
 N - 2 potions of curing
 Q - 3 potions of brilliance
Miscellaneous
 z - a phantom mirror


   Skills:
 - Level 10.0 Fighting
 - Level 18.0 Ranged Weapons
 - Level 14.0 Dodging
 - Level 16.3 Stealth
 + Level 6.4 Summonings
 + Level 11.0 Translocations
 - Level 5.0 Evocations


You had 7 spell levels left.
You knew the following spells:

 Your Spells              Type           Power      Damage    Failure   Level
a - Malign Gateway        Summ/Tloc      19%        N/A       100%        7

Your spell library contained the following spells:

 Spells                   Type           Power      Damage    Failure   Level
 Manifold Assault         Tloc           48%        N/A       3%          4
 Vhi's Electric Charge    Tloc/Air       48%        N/A       11%         3
 Kiss of Death            Conj/Necr      0%         2d5       34%         1
 Sandblast                Erth           0%         2d4       34%         1
 Shock                    Conj/Air       0%         1d3       34%         1
 Slow                     Hex            0%         N/A       34%         1
 Ensorcelled Hibernation  Hex/Ice        0%         N/A       45%         2
 Passwall                 Tmut/Erth      0%         N/A       45%         2
 Dispersal                Tloc           24%        N/A       50%         6
 Animate Armour           Summ/Erth      28%        N/A       67%         4
 Confusing Touch          Hex            0%         N/A       71%         3
 Stone Arrow              Conj/Erth      0%         3d7       71%         3
 Swiftness                Air            0%         N/A       71%         3
 Vampiric Draining        Necr           0%         2d6       71%         3
 Airstrike                Air            0%         2d(0-16)  98%         4
 Dispel Undead            Necr           0%         3d6       98%         4
 Leda's Liquefaction      Hex/Erth       0%         N/A       98%         4
 Arcjolt                  Conj/Air       0%         1d10      100%        5
 Disjunction              Tloc           24%        N/A       100%        8
 Lehudib's Crystal Spear  Conj/Erth      0%         10d2      100%        8
 Maxwell's Capacitive Co  Air            0%         ∞         100%        8


Dungeon Overview and Level Annotations

Branches:
Dungeon (15/15)            Temple (1/1) D:6            Lair (5/5) D:8
  Swamp (0/4) Lair:3       Spider (0/4) Lair:2        Slime (0/5) Lair:5
    Orc (2/2) D:9             Elf (0/3) Orc:2        Vaults (0/5) D:14
 Depths (0/4) D:15         Bailey (visited)           IceCv (visited)

Altars:
Ashenzari
Cheibriados
Dithmenos
Elyvilon
Fedhas
Gozag
Hepliaklqana
Kikubaaqudgha
Makhleb
Nemelex Xobeh
Okawaru
Qazlal
Ru
Sif Muna
Trog
Uskayaw
Vehumet
Wu Jian
Xom
Yredelemnul
Zin
The Shining One
Jiyva

Shops:
D:7 :   Orc:2 =*[?[

Annotations:
D:10 1 runed translucent door, BlueFish's ghost, novice DrAr
Lair:1 3 runed translucent doors, Palms's ghost, journeyman GnRe
Lair:2 2 runed translucent doors, Sovesh's ghost, journeyman OpCj


Innate Abilities, Weirdness & Mutations

You are very small and have problems with some larger weapons.
You are too small for most types of armour.
You have supernaturally acute eyesight. (SInv)
You cover ground extremely quickly. (Speed+++)
Your mind is acute. (Int +4, Str/Dex -1)
Armour fits poorly on your strangely shaped body.
Your flesh is heat resistant. (rF+)
You are frail. (-10% HP)
You passively map a small area around you.
Potions are less effective at restoring your health.


Message History

The skeletal warrior is moderately damaged.
Your shadow shoots an arrow.
The arrow hits the skeletal warrior but does no damage.
Fire: p) +2 orcbow (freeze)
Press: ? - help, Q - select action, (/) - cycle Shift-Dir - straight line, f/p - skeletal warrior
Aim: a skeletal warrior, wielding a +0 long sword (moderately damaged, umbra, 71% to hit)
You shoot an arrow. The arrow hits the skeletal warrior!
The arrow freezes the skeletal warrior.
The skeletal warrior is heavily damaged.
Your shadow shoots an arrow.
The arrow hits the skeletal warrior but does no damage.
The skeletal warrior hits you with a +0 long sword!!
You take 17 damage, and have 40/72 hp.
MASSIVE DAMAGE!!
Fire: p) +2 orcbow (freeze)
Press: ? - help, Q - select action, (/) - cycle Shift-Dir - straight line, f/p - skeletal warrior
Aim: a skeletal warrior, wielding a +0 long sword (heavily damaged, umbra, 71% to hit)
You shoot an arrow. The arrow hits the skeletal warrior!
The arrow freezes the skeletal warrior.
The skeletal warrior is severely damaged.
Your shadow shoots an arrow.
The arrow closely misses the skeletal warrior.
Fire: p) +2 orcbow (freeze)
Press: ? - help, Q - select action, (/) - cycle Shift-Dir - straight line, f/p - skeletal warrior
Aim: a skeletal warrior, wielding a +0 long sword (severely damaged, umbra, 71% to hit)
You shoot an arrow.
The arrow closely misses the skeletal warrior.
Your shadow shoots an arrow.
The arrow hits the skeletal warrior.
The skeletal warrior hits you with a +0 long sword!!
* * * LOW HITPOINT WARNING * * *
You take 23 damage, and have 18/72 hp.
MASSIVE DAMAGE!!
Fire: p) +2 orcbow (freeze)
Press: ? - help, Q - select action, (/) - cycle Shift-Dir - straight line, f/p - skeletal warrior
Aim: a skeletal warrior, wielding a +0 long sword (severely damaged, umbra, 71% to hit)
You shoot an arrow. The arrow hits the skeletal warrior.
The arrow freezes the skeletal warrior.
The skeletal warrior is almost destroyed.
Your shadow shoots an arrow.
The arrow hits the skeletal warrior but does no damage.
The skeletal warrior hits you with a +0 long sword!!
You die...

, *
#######################
#....)@z...........§§§Z
, *
#.######~###...###.###§
* #.# ##~~~##...# #.#
#. * ....~~~.#
##~~~~~#...###.###.
~~~~~~~##
#~~~~~~~...........
~~~~~zz
#~~~~~~~##.##.####.
~~~~~z~ ##~~~~~###.##.#
#.. ~~~~~~~~
##~~~.....##.# #..
~~~~~z~
##~.........###..


You could see a skeletal warrior.

Vanquished Creatures
  Rupert (Lair:4)
  A dire elephant (Lair:5)
  Josephine (D:11)
  Fannar (D:10)
  4 vault guards (D:14)
  3 hydras
  3 catoblepae
  A boulder beetle (D:12)
  Harold (D:10)
  A death knight (D:13)
  A merfolk avatar (Lair:5)
  A tengu warrior (D:14)
  8 centaur warriors
  3 two-headed ogres
  6 death yaks
  A titan zombie (D:15)
  2 orc high priests (Orc:2)
  7 skeletal warriors
  A skyshark (Lair:5)
  2 sea snakes (Lair:5)
  An obsidian statue (D:10)
  A necromancer (D:15)
  A phantasmal warrior (D:13)
  2 orc knights (Orc:2)
  2 deep elf pyromancers (D:12)
  2 harpies (Lair:5)
  5 orc sorcerers
  An ugly thing (D:12)
  10 cyclopes
  2 manticores
  A fire giant skeleton (D:15)
  3 black mambas
  10 elephants
  An unseen horror (D:11)
  Psyche (D:11)
  5 cane toads
  5 gargoyles
  Maggie (D:10)
  9 komodo dragons
  2 ice devils (D:12)
  2 kobold demonologists
  A freezing wraith (D:10)
  A tengu conjurer (D:14)
  12 rime drakes
  6 polar bears
  5 trolls
  A hornet (Lair:5)
  5 meliai (D:14)
  A raiju (shapeshifter) (D:14)
  3 snapping turtles (Lair:5)
  20 blink frogs
  A wind drake (Lair:5)
  4 dream sheep (Lair:1)
  2 spectral black mambas (Lair:3)
  11 wyverns
  4 centaur simulacra
  2 humans (D:7)
  9 slime creatures
  8 wraiths
  A vampire (Bailey)
  32 yaks
  3 steam dragons
  2 basilisks
  4 water elementals
  3 vampire mosquitoes (D:12)
  Menkaure (D:6)
  A glowing shapeshifter zombie (D:15)
  8 wargs
  2 acid dragons
  12 water moccasins
  Duvessa (D:6)
  2 sky beasts
  2 ice beasts
  19 orc warriors
  3 black bears
  9 ogres
  13 wolves
  8 centaurs
  2 phantoms (D:6)
  A kobold brigand (D:9)
  11 bullfrogs
  A gnoll sergeant (D:5)
  5 scorpions
  8 wights
  Dowan (D:6)
  3 killer bees (D:11)
  3 electric eels
  9 vampire bats (Bailey)
  3 howler monkeys (D:9)
  5 wolf zombies (Bailey)
  A lava snake (D:8)
  6 hounds
  3 jellies
  Crazy Yiuf (D:5)
  31 orc priests
  2 gnoll boudas
  41 orc wizards
  2 sleepcaps (D:7)
  3 iguanas
  6 hell rats
  15 gnolls
  7 adders
  4 shadow imps
  A white imp (D:5)
  An ufetubus (D:4)
  3 worms
  4 dart slugs
  82 orcs
  7 bats
  7 endoplasms
  8 giant cockroaches
  6 goblins
  12 hobgoblins
  18 jackals
  2 quokkas (D:4)
  6 ball pythons
  6 frilled lizards
  9 kobolds
  18 orc zombies (Bailey)
  5 rats
707 creatures vanquished.

Vanquished Creatures (others)
  2 orc wizards
2 creatures vanquished.

Grand Total: 709 creatures vanquished

Notes
Turn   | Place    | Note
-------+----------+-------------------------------------------
     0 | D:1      | jasper the Spriggan Hunter began the quest for the Orb.
     0 | D:1      | Reached XP level 1. HP: 10/10 MP: 2/2
    74 | D:1      | Reached XP level 2. HP: 15/15 MP: 3/3
   256 | D:1      | Reached XP level 3. HP: 18/18 MP: 4/4
   861 | D:2      | Reached XP level 4. HP: 23/23 MP: 5/5
   903 | D:2      | Identified the scarf of the Minstrel {rC+ rF+, -Tele Str+3
                  | Int+3 Dex+2}
   954 | D:2      | Found a burning altar of Makhleb.
  1417 | D:3      | Found a blossoming altar of Fedhas.
  1461 | D:3      | Noticed an ogre
  1498 | D:3      | Killed an ogre
  1499 | D:3      | Reached skill level 5 in Ranged Weapons
  1499 | D:3      | Reached XP level 5. HP: 28/28 MP: 6/6
  1519 | D:3      | Found an ancient bone altar of Kikubaaqudgha.
  1599 | D:3      | Found a faded altar of an unknown god.
  1697 | D:4      | Noticed an ogre
  1738 | D:4      | Killed an ogre
  1739 | D:4      | Reached skill level 6 in Ranged Weapons
  1739 | D:4      | Reached XP level 6. HP: 14/32 MP: 7/7
  1837 | D:4      | Found a bloodstained altar of Trog.
  2008 | D:4      | Reached skill level 7 in Ranged Weapons
  2512 | D:4      | Reached XP level 7. HP: 20/36 MP: 8/8
  3003 | D:5      | Entered Level 5 of the Dungeon
  3027 | D:4      | Reached skill level 8 in Ranged Weapons
  3132 | D:5      | Found a radiant altar of Vehumet.
  3297 | D:5      | Reached skill level 9 in Ranged Weapons
  3367 | D:5      | Found a runed translucent door.
  3369 | D:5      | Noticed Crazy Yiuf
  3437 | D:5      | Reached XP level 8. HP: 22/40 MP: 9/9
  3507 | D:5      | Found an ornate altar of the Wu Jian Council.
  3507 | D:5      | Found a sacrificial altar of Ru.
  4010 | D:5      | Killed Crazy Yiuf
  4107 | D:6      | Noticed Menkaure
  4117 | D:6      | Killed Menkaure
  4170 | D:6      | Found a staircase to the Ecumenical Temple.
  4180 | Temple   | Entered the Ecumenical Temple
  4462 | D:6      | Reached skill level 10 in Ranged Weapons
  4555 | D:6      | Found a shadowy altar of Dithmenos.
  4565 | D:6      | Became a worshipper of Dithmenos the Shadowed
  4712 | D:6      | Noticed Duvessa
  4713 | D:6      | Noticed Dowan
  4755 | D:6      | HP: 2/60 [poisoned by Duvessa]
  4757 | D:6      | Gained mutation: Your flesh is heat resistant. (rF+)
                  | [potion of mutation]
  4757 | D:6      | Gained mutation: Your mind is acute. (Int +4, Str/Dex -1)
                  | [potion of mutation]
  4757 | D:6      | Gained mutation: You passively map a small area around you.
                  | [potion of mutation]
  4760 | D:6      | Killed Duvessa
  4763 | D:6      | Killed Dowan
  5267 | D:6      | Reached skill level 11 in Ranged Weapons
  6056 | D:7      | Reached XP level 9. HP: 44/44 MP: 10/10
  6097 | D:7      | Reached * piety under Dithmenos
  6192 | D:7      | Found a hide-covered altar of Uskayaw.
  6200 | D:7      | Reached skill level 12 in Ranged Weapons
  6535 | D:7      | Found a snail-covered altar of Cheibriados.
  6541 | D:7      | Found an iron altar of Okawaru.
  6845 | D:7      | Reached skill level 13 in Ranged Weapons
  6953 | D:7      | HP: 2/44 [wyvern (7)]
  7352 | D:7      | Identified the +1 leather armour of Shadows and Fog {Drain
                  | rCorr Dex+5}
  7451 | D:7      | Reached skill level 14 in Ranged Weapons
  7462 | D:7      | Found Cadofip's Book Boutique.
  7468 | D:7      | Reached ** piety under Dithmenos
  7782 | D:7      | Found a glowing silver altar of Zin.
  7949 | D:8      | Found a staircase to the Lair.
  7987 | D:8      | Reached skill level 1 in Evocations
  8069 | D:8      | Reached XP level 10. HP: 31/49 MP: 11/11
  8413 | D:8      | Identified the +0 ring mail of the Desert {rC- Str-4 Dex+8
                  | SInv}
  8415 | D:8      | Noticed a centaur warrior
  8574 | D:9      | Found a flagged portal.
  8610 | D:8      | Reached skill level 5 in Stealth
  8750 | Bailey   | Entered a bailey
  8986 | Bailey   | Reached *** piety under Dithmenos
  9051 | Bailey   | Noticed a gargoyle
  9055 | Bailey   | Killed a gargoyle
  9077 | Bailey   | Identified the amulet "Qeseit" {Faith Harm rPois}
  9084 | Bailey   | Identified the ring "Ducsang" {Str+8 Int+6 Stlth-}
  9301 | Bailey   | Reached skill level 5 in Dodging
  9365 | Bailey   | Found the sphere of Battle
 10485 | D:9      | Found a staircase to the Orcish Mines.
 10694 | D:10     | Entered Level 10 of the Dungeon
 10694 | D:10     | Noticed an obsidian statue
 10699 | D:10     | Noticed Maggie
 10714 | D:10     | Killed Maggie
 10715 | D:10     | Reached skill level 5 in Evocations
 10841 | D:10     | Noticed Fannar
 11077 | D:10     | Noticed Harold
 11195 | Lair:1   | Entered Level 1 of the Lair of Beasts
 11290 | Lair:1   | Reached **** piety under Dithmenos
 11314 | Lair:1   | Reached skill level 5 in Fighting
 11354 | Lair:1   | Reached XP level 11. HP: 55/55 MP: 12/12
 11479 | Lair:1   | Found a runed translucent gate.
 11482 | Lair:1   | Found a runed translucent gate.
 11483 | Lair:1   | Found a runed translucent gate.
 11485 | Lair:1   | Noticed a minotaur
 11529 | Lair:1   | Noticed Palms's ghost (journeyman GnRe)
 11948 | Lair:1   | Reached skill level 15 in Ranged Weapons
 12645 | Lair:2   | Found a large runed translucent door.
 12645 | Lair:2   | Found a large runed translucent door.
 12652 | Lair:2   | Noticed Sovesh's ghost (journeyman OpCj)
 12724 | Lair:2   | Reached skill level 16 in Ranged Weapons
 12948 | Lair:2   | Reached XP level 12. HP: 18/60 MP: 13/13
 12974 | Lair:2   | Reached skill level 17 in Ranged Weapons
 13148 | Lair:2   | Found a hole to the Spider Nest.
 13968 | Lair:3   | Reached ***** piety under Dithmenos
 14151 | Lair:3   | Found a staircase to the Swamp.
 14151 | Lair:3   | Noticed a ghost crab
 14779 | Lair:3   | Reached skill level 18 in Ranged Weapons
 15433 | Lair:4   | Noticed Rupert
 15574 | Orc:1    | Entered Level 1 of the Orcish Mines
 15690 | Orc:2    | Entered Level 2 of the Orcish Mines
 15690 | Orc:2    | Noticed an orc high priest
 15690 | Orc:2    | Found a gate leading to a gauntlet.
 15744 | Orc:2    | Gained mutation: Potions are less effective at restoring
                  | your health. [a neqoxec]
 15777 | Orc:2    | Gained mutation: Armour fits poorly on your strangely
                  | shaped body. [a neqoxec]
 15778 | Orc:2    | Gained mutation: You are frail. (-10% HP) [a neqoxec]
 15792 | Orc:2    | Found Irchik's Jewellery Boutique.
 15793 | Orc:2    | Noticed an orc high priest
 15812 | Orc:2    | Found a staircase to the Elven Halls.
 16337 | Orc:2    | Killed an orc high priest
 16338 | Orc:2    | Reached skill level 10 in Stealth
 16605 | Orc:2    | Killed an orc high priest
 17140 | Orc:2    | Found Loho's General Store.
 17140 | Orc:2    | Found Seadelodu's Magic Scroll Shop.
 17141 | Orc:2    | Found Utsi's Antique Armour Shop.
 17145 | Orc:2    | Found Zurid's Armour Boutique.
 17156 | Orc:2    | Bought an amulet of regeneration for 510 gold pieces
 17169 | Orc:2    | Bought a scroll of teleportation for 42 gold pieces
 17169 | Orc:2    | Bought a scroll of teleportation for 42 gold pieces
 17287 | Orc:2    | Reached XP level 13. HP: 58/58 MP: 14/14
 17547 | Orc:1    | Reached ****** piety under Dithmenos
 17602 | Orc:2    | Reached skill level 10 in Dodging
 18603 | Lair:4   | Killed Rupert
 19217 | Lair:5   | Entered Level 5 of the Lair of Beasts
 19298 | Lair:5   | Noticed a dire elephant
 19534 | Lair:5   | Killed a dire elephant
 19865 | Lair:5   | Found a viscous altar of Jiyva.
 19866 | Lair:5   | Found a staircase to the Slime Pits.
 19996 | Lair:5   | Reached XP level 14. HP: 59/66 MP: 15/15
 20223 | Lair:5   | Reached skill level 15 in Stealth
 21098 | D:10     | Killed Fannar
 21457 | D:10     | Found a runed translucent door.
 21460 | D:10     | Noticed BlueFish's ghost (novice DrAr)
 21462 | D:10     | Identified the +4 spear "Jituh" {heavy, rElec Str+3 Dex-5}
 21898 | D:10     | Killed Harold
 22071 | D:11     | Noticed Psyche
 22093 | D:11     | Killed Psyche
 22257 | D:11     | Noticed Josephine
 22376 | D:11     | Killed Josephine
 22877 | D:12     | Got the Book of Moving Topomancy
 22886 | D:12     | Learned a level 7 spell: Malign Gateway
 23065 | D:12     | Reached skill level 1 in Translocations
 23151 | D:12     | Reached skill level 1 in Summonings
 23538 | D:12     | Found a frozen archway.
 23569 | IceCv    | Entered an ice cave
 23581 | IceCv    | Reached skill level 10 in Fighting
 23909 | D:13     | Reached skill level 5 in Translocations
 24605 | D:14     | Found a gate to the Vaults.
 24651 | D:14     | Reached XP level 15. HP: 46/72 MP: 16/16
 25587 | D:14     | You fall into a shaft and drop 1 floor!
 25587 | D:15     | Entered Level 15 of the Dungeon
 25630 | D:15     | Reached skill level 5 in Summonings
 26293 | D:15     | Reached skill level 10 in Translocations
 27138 | D:15     | Found a staircase to the Depths.
 27211 | D:15     | Mangled by a skeletal warrior

Illustrated notes

Levels and vault maps discovered:
D:1:      erik_arrival_blinker_ship, layout_rooms
D:2:      layout_basic, basic_altar, nicolae_kite_square_tiling_tiny,
          nicolae_elevator_lobby_asterisk
D:3:      layout_rooms, fedhas_altar_3, lemuel_doored_altar,
          ebering_ecumenical_altar_rust
D:4:      layout_loops_corners, mainiacjoe_overflow_catwalk
D:5:      layout_basic, nicolae_vehumet_radiance, grunt_temple_overflow_open,
          uniq_crazy_yiuf_cottage
D:6:      layout_layer_cave, nicolae_dithmenos_shadow_blocks,
          minmay_temple_entry_large_hall, moated_statue, uniq_menkaure,
          uniq_duvessa
D:7:      layout_loops_corners, mainiacjoe_overflow_boulevard,
          lemuel_round_altar, okawaru_humans, cheibriados_altar_1, serial_shops,
          nicolae_shop_tiny_glass, minmay_increasing_density
D:8:      layout_cave_pods, dpeg_oklobed_lair, kennysheep_island_fort
D:9:      layout_cave_pools, minmay_orc_entry_guard_dogs, enter_bailey_2,
          serial_column_ruins, column_ruins_hut, column_ruins_hut,
          column_ruins_columns_corner, column_ruins_corridor_straight,
          column_ruins_open_tiny, column_ruins_open_tiny,
          column_ruins_open_medium, minmay_misc_feat_room, st_stairs_14,
          columned_hall_lemuel
D:10:     minmay_coctagon, layout_loops_ring, ebering_ghost_funeral_grove,
          minivault_16, chequers_hall_statues_y, uniq_harold, uniq_maggie,
          uniq_fannar
D:11:     layout_loops_ring, uniq_josephine, uniq_psyche
D:12:     layout_roguey, portal_ice_cave_demonic_guard
D:13:     layout_cave_pools, minivault_24, minmay_misc_feat_roman
D:14:     layout_roguey, lightli_vaults_fourway_checkpoint,
          chequers_serial_rivers_large_a, kennysheep_big_empty_room
D:15:     gammafunk_depths_entry_grave, layout_basic,
          nicolae_kikubaaqudgha_miasma_corner
Temple:   grunt_temple_mini_profane
Lair:1:   layout_long_grid, maelrawn_ghost_gauntlet_escape,
          chequers_serial_rivers_large_b
Lair:2:   layout_cave_pods, dummy_spider_entry, ebering_ghost_disaster_area
Lair:3:   layout_layer_cave, nicolae_swamp_entry_spooky, serial_bayou_ford_a
Lair:4:   layout_roguey, grunt_megastairs_2, infiniplex_staircase_pool_2,
          serial_bayou_shore_a, uniq_rupert
Lair:5:   gammafunk_lair_ancient_temple, layout_cave_pods, slime_entry_1
Orc:1:    layout_caves, minmay_orc_temple_a
Orc:2:    st_orc_mages, layout_caves, gauntlet_entry_generic,
          minmay_shop_enchanted_jewellery

Skill      XL: |  1  2  3  4  5  6  7  8  9 10 11 12 13 14 15 |
---------------+----------------------------------------------+-----
Stealth        | 2 3 4 8 11 14 16 | 16.3
Fighting       | 2 3 5 6 8 10 | 10.0
Ranged Weapons | 5 6 7 9 11 14 16 18 | 18.0
Dodging        | 3 7 9 12 14 | 14.0
Evocations     | 1 5 |  5.0
Translocations | 7 11 | 11.0
Summonings     | 4 6 |  6.4

Action                     |  1- 3 |  4- 6 |  7- 9 | 10-12 | 13-15 || total
---------------------------+-------+-------+-------+-------+-------++-------
  Melee: Unarmed           |       |       |     5 |       |       ||     5
   Fire: Shortbow          |   121 |   182 |   659 |    10 |       ||   972
         Orcbow            |       |       |       |  1049 |  1550 ||  2599
  Evoke: Wand              |       |       |       |    10 |    12 ||    22
         Phantom mirror    |       |       |       |     3 |     2 ||     5
    Use: Scroll            |       |     8 |     6 |     5 |     9 ||    28
         Potion            |       |       |     6 |     2 |     1 ||     9
 Armour: Robe              |     4 |     5 |    16 |    17 |       ||    42
         Skin              |       |       |    12 |       |       ||    12
         Steam dragon scal |       |       |       |    21 |    13 ||    34
         Acid dragon scale |       |       |       |       |     8 ||     8
  Dodge: Dodged            |    30 |    41 |   192 |   361 |   496 ||  1120

Table legend: (Time is in decaauts)
 A = Elapsed time spent in this place.
 B = Non-inter-level travel time spent in this place.
 C = Inter-level travel time spent in this place.
 D = Time resting spent in this place.
 E = Time spent auto-exploring this place.
 F = Levels seen in this place.
 G = Mean time per level.
                   A        B        C        D        E       F      G
               +--------+--------+--------+--------+--------+-----+--------+
         Total |  19907 |  19005 |    902 |   3122 |  11053 |  25 |  796.3 |
       Dungeon |  12017 |  11363 |    654 |   1480 |   6993 |  15 |  801.1 |
        Temple |    189 |    175 |     14 |      0 |    172 |   1 |  189.0 |
          Lair |   4977 |   4808 |    169 |    660 |   3075 |   5 |  995.4 |
  Orcish Mines |   2089 |   2025 |     64 |    881 |    493 |   2 | 1044.5 |
        Bailey |    564 |    564 |      0 |    100 |    295 |   1 |  564.0 |
      Ice Cave |     69 |     69 |      0 |      0 |     23 |   1 |   69.0 |
               +--------+--------+--------+--------+--------+-----+--------+

Top non-repeatable levels by time:
    D:14: 1422 daAuts
     D:7: 1394 daAuts
   Orc:2: 1313 daAuts
     D:6: 1266 daAuts
  Lair:5: 1115 daAuts
     D:8: 1088 daAuts
  Lair:1: 1075 daAuts
  Lair:3: 1059 daAuts
  Lair:2: 1043 daAuts
     D:4: 992 daAuts
    D:10: 956 daAuts
   Orc:1: 776 daAuts
     D:5: 744 daAuts
     D:9: 684 daAuts
  Lair:4: 683 daAuts
